 Dungeon Crawl Stone Soup version 0.30-a0-393-g54b8e3be05 (webtiles) character file.

Game seed: 13643115430365334819

562 retardedninja the Chopper (level 7, -14/61 HPs)
             Began as a Hill Orc Fighter on Dec 5, 2022.
             Was an Initiate of Gozag.
             Demolished by Pikel
             ... wielding a +0 whip of electrocution
              (20 damage)
             ... on level 5 of the Dungeon.
             The game lasted 00:05:49 (3938 turns).

retardedninja the Chopper (Hill Orc Fighter)        Turns: 3938, Time: 00:05:50

Health: -14/61     AC: 10    Str: 26    XL:     7   Next: 31%
Magic:  16/16      EV:  8    Int:  8    God:    Gozag
Gold:   201        SH:  9    Dex: 10    Spells: 6/6 levels left

rFire   . . .      SeeInvis .    a - +1 war axe
rCold   . . .      Faith    .    c - +0 buckler
rNeg    . . .      Spirit   .    g - +0 chain mail
rPois   .          Reflect  +    (no helmet)
rElec   .          Harm     .    (no cloak)
rCorr   .          Rampage  .    f - +0 pair of gloves
Will    .....                    (no boots)
Stlth   ..........               n - amulet of reflection
HPRegen 0.30/turn                r - ring "Nimun" {MP+9 Str+5}
MPRegen 0.15/turn                (no ring)

@: gold aura
A: no striking features
a: Renounce Religion, Potion Petition, Call Merchant, Bribe Branch


You were on level 5 of the Dungeon.
You worshipped Gozag.
Gozag was aware of your devotion.
You visited 2 branches of the dungeon, and saw 6 of its levels.

You collected 273 gold pieces.
You paid 72 gold pieces to Gozag.

Inventory:

Hand Weapons
 a - a +1 war axe (weapon)
Armour
 b - a +0 scale mail
 c - a +0 buckler (worn)
 f - a +0 pair of gloves (worn)
 g - a +0 chain mail (worn)
Jewellery
 n - an amulet of reflection (around neck)
 r - the ring "Nimun" (left hand) {MP+9 Str+5}
   (You found it on level 4 of the Dungeon)

   [ring of magical power]

   Str:       It affects your strength (+5).
   MP:        It affects your magic capacity (+9).
Wands
 s - a wand of polymorph (9)
 w - a wand of iceblast (8)
Scrolls
 d - a scroll of magic mapping {unknown}
 e - 2 scrolls of fear {unknown}
 i - a scroll of vulnerability
 k - a scroll of torment {unknown}
 t - a scroll of summoning {unknown}
 v - a scroll of immolation {unknown}
Potions
 l - a potion of magic
 u - a potion of cancellation
 x - a potion of haste {unknown}


   Skills:
 + Level 5.1 Fighting
 * Level 5.9 Axes
 + Level 2.1 Throwing
 + Level 4.5 Armour
 + Level 4.6 Shields
 + Level 2.3 Evocations


You had 6 spell levels left.
You didn't know any spells.
Your spell library contained the following spells:

 Spells                   Type           Power      Damage    Failure   Level
 Sublimation of Blood     Necr           0%         N/A       99%         2
 Kindle Blastsparks       Fire/Tloc/Air  0%         2d10      100%        3
 Haunt                    Necr/Summ      0%         N/A       100%        7
 Ignition                 Fire           0%         3d3       100%        8


Dungeon Overview and Level Annotations

Branches:
Dungeon (5/15)             Temple (1/1) D:4

Altars:
Ashenzari
Dithmenos
Gozag
Hepliaklqana
Kikubaaqudgha
Okawaru
Qazlal
Ru
Sif Muna
Trog
Vehumet
Wu Jian
Xom

Shops:
D:5 :

Annotations:
D:5 Pikel


Message History

The iguana bites you.
Pikel zaps a wand.
Your mind is blasted!
The iguana bites you!
You slash the iguana!
You kill the iguana!
As you read the scroll labelled ROUPPEHOHA, it crumbles to dust.
It is a scroll of amnesia.
You feel forgetful for a moment.
The iguana is distracted by your dazzling golden aura.
Pikel zaps a wand.
You struggle to resist.
You block the lemure's attack. x2
As you read the scroll labelled XUABRU YMUJ, it crumbles to dust.
You hear a loud clanging noise!
It was a scroll of noise.
You hear a shout!
You hear an angry hiss.
You hear a shout!
The lemure hits you but does no damage. You block the lemure's attack.
The lemure is distracted by your dazzling golden aura.
You feel a little less mighty now.
The iguana is no longer distracted by gold.
The lemure hits you! You block the lemure's attack.
The iguana is distracted by your dazzling golden aura.
Pikel is distracted by your dazzling golden aura.
You block the lemure's attack. x2
The lemure attacks as you move away!
The lemure hits you but does no damage. x2
Pikel shouts!
The lemure shouts!
The iguana hisses angrily.
You hit Pikel.
Pikel is no longer distracted by gold.
Pikel is lightly wounded.
You slash the lemure! You closely miss the lemure.
The lemure is no longer distracted by gold.
The lemure hits you.
Pikel zaps a wand.
Your mind is blasted!
* * * LOW HITPOINT WARNING * * *
The now-empty wand crumbles to dust.
You hit Pikel.
Pikel is moderately wounded.
You closely miss the lemure. You hit the lemure. You closely miss the lemure.
You slash the lemure!
Pikel hits you with a +0 whip of electrocution.
* * * LOW HITPOINT WARNING * * *
You are electrocuted!!
You die...
Your body crumbles into a pile of gold.

....#.##... ..5##.....#
...###...........≈≈.≈≈###..
.... ..........≈≈≈.≈≈≈.#.#
...###..........≈≈≈.≈≈≈...#
...................∩.....##
................≈≈≈.≈≈≈#..#
....#...........≈≈≈l≈≈≈....
...##..###.....5K≈≈$≈≈...#
....##..#.......@5$.###.##
...##...........55..# ...
...#................##....
....$...................#
#..<..##..............###
##..#.#$..............#
##.#####...............#
(.. .............."#..#
.....................#...


You could see Pikel, 4 lemures and an iguana.

Vanquished Creatures
  An ice beast (D:5)
  2 ogres
  A hound (D:5)
  An orc priest (D:2)
  2 iguanas
  An orc wizard (D:2)
  3 gnolls (D:2)
  5 adders
  3 worms (D:3)
  2 dart slugs
  6 orcs
  8 bats
  3 endoplasms
  A giant cockroach (D:1)
  4 goblins
  10 hobgoblins
  2 jackals (D:3)
  5 quokkas
  4 ball pythons
  7 frilled lizards
  7 kobolds
  6 rats
84 creatures vanquished.

Notes
Turn   | Place    | Note
-------+----------+-------------------------------------------
     0 | D:1      | retardedninja the Hill Orc Fighter began the quest for the
                  | Orb.
     0 | D:1      | Reached XP level 1. HP: 19/19 MP: 1/1
    77 | D:1      | Reached XP level 2. HP: 27/27 MP: 2/2
   556 | D:2      | Identified the +2 flail of Termination {vorpal, Dex+5
                  | Stlth+}
   562 | D:2      | Reached XP level 3. HP: 32/33 MP: 3/3
  1168 | D:2      | Reached XP level 4. HP: 40/40 MP: 4/4
  1768 | D:2      | Reached skill level 1 in Throwing
  1768 | D:2      | Reached skill level 1 in Evocations
  1768 | D:2      | Reached XP level 5. HP: 45/46 MP: 5/5
  2179 | D:3      | Identified the +5 spear of Pyqo {spect, rPois rC+ Will++
                  | MP+9}
  2575 | D:4      | Identified the ring "Nimun" {MP+9 Str+5}
  2752 | D:4      | You fall into a shaft and drop 1 floor!
  2752 | D:5      | Entered Level 5 of the Dungeon
  2761 | D:5      | Noticed a lemure
  2872 | D:4      | Reached XP level 6. HP: 53/53 MP: 6/6
  2949 | D:4      | Found a staircase to the Ecumenical Temple.
  2956 | D:4      | Got the Discourse on the Shadowy Pyre
  2990 | D:4      | Found a bloodstained altar of Trog.
  2991 | D:4      | Found a broken altar of Ashenzari.
  3024 | Temple   | Entered the Ecumenical Temple
  3055 | Temple   | Became a worshipper of Gozag Ym Sagoz the Greedy
  3323 | D:4      | Reached skill level 5 in Axes
  3796 | D:5      | Noticed an ice beast
  3811 | D:5      | Killed an ice beast
  3897 | D:5      | Reached skill level 5 in Fighting
  3897 | D:5      | Reached XP level 7. HP: 61/61 MP: 7/7
  3908 | D:5      | Found Rilomor's Self-Improvement Boutique.
  3922 | D:5      | Noticed Pikel
  3938 | D:5      | Demolished by Pikel

Illustrated notes

Levels and vault maps discovered:
D:1:      mushboom_english_gardens, layout_basic,
          amcnicky_mini_rare_corridor_liquid
D:2:      layout_loops_ring
D:3:      layout_loops_ring, minmay_vboxes
D:4:      layout_loops_ring, mainiacjoe_overflow_catwalk_spiral,
          minmay_temple_entry_offerings
D:5:      layout_cave_pools, serial_shops, shop, nicolae_shop_self_help,
          uniq_menkaure, uniq_pikel
Temple:   nicolae_temple_bog_church

Skill      XL: |  1  2  3  4  5  6 |
---------------+-------------------+-----
Axes           | 3 4 5 |  5.9
Fighting       | 4 5 |  5.1
Throwing       | 1 2 |  2.1
Shields        | 4 |  4.6
Evocations     | 1 2 |  2.3
Armour         | 4 |  4.5

Action                   |  1- 3 |  4- 6 |  7- 9 || total
-------------------------+-------+-------+-------++-------
Melee: War axe           |    71 |   184 |    13 ||   268
  Use: Potion            |     2 |     3 |       ||     5
       Scroll            |       |     5 |     2 ||     7
Armor: Scale mail        |    34 |       |       ||    34
       Chain mail        |    19 |   117 |     6 ||   142
Dodge: Dodged            |    42 |    73 |     3 ||   118
Block: Buckler           |    19 |    61 |    11 ||    91

Table legend: (Time is in decaauts)
 A = Elapsed time spent in this place.
 B = Non-inter-level travel time spent in this place.
 C = Inter-level travel time spent in this place.
 D = Time resting spent in this place.
 E = Time spent auto-exploring this place.
 F = Levels seen in this place.
 G = Mean time per level.
                   A        B        C        D        E       F      G
               +--------+--------+--------+--------+--------+-----+--------+
         Total |   4042 |   3867 |    175 |    919 |   2121 |   6 |  673.7 |
       Dungeon |   3987 |   3832 |    155 |    919 |   2108 |   5 |  797.4 |
        Temple |     54 |     34 |     20 |      0 |     13 |   1 |   54.0 |
               +--------+--------+--------+--------+--------+-----+--------+

Top non-repeatable levels by time:
     D:4: 1191 daAuts
     D:2: 1176 daAuts
     D:3: 891 daAuts
     D:1: 557 daAuts
     D:5: 170 daAuts
  Temple: 54 daAuts
